 Dungeon Crawl Stone Soup version v3.01-hellcrawl-74-g7a863a7 (webtiles) character file.

32743 Implojin the Severer (level 16, -12/152 HPs)
             Began as a Hill Orc Fighter on Apr 11, 2017.
             Was the Champion of the Shining One.
             Killed from afar by a bog body (25 damage)
             ... with a bolt of cold
             ... on level 3 of the Swamp.
             The game lasted 00:52:29 (22865 turns).

Implojin the Severer (Hill Orc Fighter)            Turns: 22865, Time: 00:52:30

Health: -12/152    AC: 23 (39%)Str: 27  XL:     16   Next: 3%
Magic:  0/23       EV:  8    Int:  8    God:    the Shining One [******]
Gold:   1430       SH: 15    Dex: 15    Spells: 15/15 levels left

rFire    + . .     SeeInvis .   x - +7 broad axe (holy)
rCold    . . .     Faith    .   r - +0 shield {reflect} {Donald}
rNeg     + + +     Spirit   +   P - +2 plate armour {MR+}
rPois    .         Reflect  +   H - +2 hat of the High Council {Archmagi, Wiz- Stlth-}
rElec    .                      (no cloak)
rCorr    .                      n - +0 pair of gloves
MR       ++...                  G - +0 pair of boots
Stlth    ..........             Y - amulet of guardian spirit
Regen    0.4/turn               E - ring of fire
MPRegen  0.3/turn               w - +6 ring of strength

@: lethally poisoned (-12 -> -23), very slightly contaminated, slowed, glowing,
very slow
A: no striking features
a: Divine Shield, Cleansing Flame, Summon Divine Warrior, Renounce Religion


You were on level 3 of the Swamp.
You worshipped the Shining One.
The Shining One was exalted by your worship.
You were not hungry.

You visited 3 branches of the dungeon, and saw 20 of its levels.
You also visited: Bailey.

You collected 3717 gold pieces.
You spent 2287 gold pieces at shops.

Inventory:

Hand Weapons
 x - a +7 broad axe of holy wrath (weapon)
   (You took it off an orc warrior on level 13 of the Dungeon)
 D - a +1 broad axe of flaming
   (You took it off Donald on level 1 of the Swamp)
Missiles
 a - 67 steel javelins
 d - 48 javelins of penetration
 j - 147 javelins (quivered)
 p - 20 curare darts
Armour
 m - +0 acid dragon scales
 n - a +0 pair of gloves (worn)
 r - a +0 shield of reflection (worn) {Donald}
   (You took it off Donald on level 1 of the Swamp)
 G - a +0 pair of boots (worn)
 H - the +2 hat of the High Council (worn) {Archmagi, Wiz- Stlth-}
   (You found it on level 7 of the Dungeon)

   It makes you less stealthy.
 P - a +2 plate armour of magic resistance (worn)
   (You took it off a vault guard on level 15 of the Dungeon)
 R - +0 swamp dragon scales
 S - a +1 scale mail of fire resistance
   (You found it in a bailey)
 W - a +2 buckler of protection
   (You took it off a boggart on level 15 of the Dungeon)
Magical Staves
 y - an uncursed staff of earth
Jewellery
 g - a +3 ring of strength
   (You found it on level 12 of the Dungeon)
 k - an uncursed ring of ice
   (You found it on level 12 of the Dungeon)
 t - a +6 ring of intelligence
   (You found it on level 12 of the Dungeon)
 u - an uncursed ring of resist corrosion
   (You found it on level 4 of the Dungeon)
 w - a +6 ring of strength (right hand)
   (You took it off a human on level 15 of the Dungeon)
 E - a ring of fire (left hand)
   (You found it on level 6 of the Dungeon)
 Y - an amulet of guardian spirit (around neck)
   (You found it on level 2 of the Swamp)
Wands
 b - a wand of confusion (8)
 c - a wand of iceblast (7)
 K - a wand of paralysis (9)
 X - a wand of enslavement (7)
Scrolls
 e - 7 scrolls of amnesia
 h - 3 scrolls of magic mapping
 i - 3 scrolls of holy word
 o - 3 scrolls of teleportation
 B - 2 scrolls of blinking
 C - 4 scrolls of fear
 F - 4 scrolls of enchant armour
 N - 2 scrolls of fog
 O - a scroll of summoning
 Q - 5 scrolls of immolation
 T - 2 scrolls of vulnerability
Potions
 f - a potion of heal wounds
 l - a potion of ambrosia
 q - 2 potions of resistance
 s - 5 potions of mutation
 v - a potion of flight
 z - 5 potions of brilliance
 A - a potion of berserk rage
 I - a potion of haste
 J - 3 potions of might
 L - 2 potions of lignification
 M - a potion of curing
 U - a potion of cancellation
 V - a potion of agility
 Z - a potion of magic


   Skills:
 * Level 16.3 Fighting
 - Level 17.0 Axes
 - Level 14.0 Armour
 - Level 15.0 Shields
 - Level 10.3 Invocations


You had 15 spell levels left.
You didn't know any spells.

Dungeon Overview and Level Annotations

Branches:
Dungeon (15/15)             Swamp (3/3) Orc:2         Slime (0/4) Orc:2
    Orc (2/2) D:15         Vaults (0/3) D:15         Depths (0/3) D:15
  Snake: Orc:2       Spider: Orc:2

Altars:
Cheibriados
Dithmenos
Elyvilon
Gozag
Hepliaklqana
Kikubaaqudgha
Makhleb
Nemelex Xobeh
Okawaru
Qazlal
Ru
Sif Muna
Trog
Uskayaw
Vehumet
Xom
Yredelemnul
Zin
The Shining One
Jiyva

Shops:
D:7 *   D:15 *   Orc:2 (?**


Message History

The spriggan rider hits you from afar with a +0 spear (2).
* * * LOW HITPOINT WARNING * * *
The spriggan rider hits you but does no damage.
Unknown command.
You feel better. You block the spriggan rider's attack.
The spriggan rider hits you but does no damage.
You block the spriggan rider's attack.
The spriggan rider hits you but does no damage.
You are poisoned.
The six-headed hydra bites you (3).
* * * LOW HITPOINT WARNING * * *
The six-headed hydra bites you but does no damage.
The six-headed hydra barely misses you.
You block the six-headed hydra's attack.
The six-headed hydra barely misses you. The six-headed hydra bites you (9)!
* * * LOW HITPOINT WARNING * * *
A swamp dragon comes into view.
You closely miss the spriggan rider.
The spriggan rider is moderately wounded.
You miss the spriggan rider.
The swamp dragon roars deafeningly!
You slash the six-headed hydra (17)!
You feel sick. You block the spriggan rider's attack.
The spriggan rider hits you with a +0 spear (15)!
* * * LOW HITPOINT WARNING * * *
You block the spriggan rider's attack.
The six-headed hydra bites you but does no damage.
You block the six-headed hydra's attack.
The six-headed hydra barely misses you.
The six-headed hydra bites you but does no damage.
You block the six-headed hydra's attack.
The six-headed hydra bites you but does no damage.
Blink to where?
Press: ? - help, Dir - move target cursor You are very lightly contaminated with residual magic.
As you read the scroll of blinking, it crumbles to dust.
You feel sick.
The spriggan rider throws a curare dart.
The curare dart hits you (2).
You are more poisoned.
You have difficulty breathing.
* * * LOW HITPOINT WARNING * * *
You feel as though you will be slow longer.
Unknown command.
As you read the scroll of teleportation, it crumbles to dust.
You feel strangely unstable.
You feel sick.
The spriggan rider throws a curare dart.
You reflect the curare dart off your +0 shield of reflection {Donald}!
The curare dart completely misses the spriggan rider (0).
The spriggan rider throws a curare dart.
The curare dart hits you (2).
You are more poisoned.
You have difficulty breathing.
* * * LOW HITPOINT WARNING * * *
You feel as though you will be slow longer.
You feel very sick.
Unknown command.
You enter the shallow water.
Moving in this stuff is going to be slow.
Your surroundings suddenly seem different.
* * * LOW HITPOINT WARNING * * *
You feel very sick.
A vampire mosquito comes into view.
The vampire mosquito buzzes angrily.
A vampire mosquito comes into view.
The vampire mosquito buzzes angrily.
A vampire mosquito comes into view.
The vampire mosquito buzzes angrily.
A spiny frog comes into view.
The spiny frog croaks.
A slime creature comes into view.
The slime creature quivers.
A slime creature comes into view.
The slime creature quivers.
A slime creature comes into view.
The slime creature quivers.
A slime creature comes into view.
The slime creature quivers.
A swamp drake comes into view.
The swamp drake roars!
Two slime creatures merge to form a large slime creature.
The swamp drake breathes noxious fumes at you.
The noxious blast engulfs the vampire mosquito (0).
The vampire mosquito appears unharmed.
The vampire mosquito bites you (5).
* * * LOW HITPOINT WARNING * * *
2 slime creatures and a vampire mosquito come into view.
Blink to where?
Press: ? - help, Dir - move target cursor Splash!
You fall into the shallow water.
Moving in this stuff is going to be slow.
As you read the scroll of blinking, it crumbles to dust.
A swamp dragon and 3 bog bodies come into view.
* * * LOW HITPOINT WARNING * * *
You feel sick.
The swamp dragon roars deafeningly!
You hear an angry buzzing noise.
The bog body gestures at you while chanting.
The bolt of cold hits you!
That hurt (32)!
You die...

≈.♣ ♣♣§§§≈≈≈..
≈♣ .≈
♣.§F§≈≈≈.. ♣
.≈.♣.y§§≈≈.♣♣
≈≈≈♣
.≈♣.≈k...≈♣
≈≈≈≈♣
♣♣..≈y...♣♣
≈≈≈≈≈≈
≈♣.≈..≈♣♣≈≈♣
≈≈≈≈♣≈ .≈≈≈≈..♣
♣♣♣ ≈≈≈♣.≈
♣≈≈≈≈≈≈♣♣♣♣♣♣..
≈≈♣.≈≈
♣#####≈@≈...≈.≈
..≈§≈
##...#...#
.≈≈≈≈ #≈(.§≈. .
≈≈≈. #.8P.§nP(
..♣♣ #....#n≈.
.♣♣ +.8P.# .8
.♣ #.D.## . ♣♣
..8n≈ ...♣


You could see a swamp dragon, 3 bog bodies, a spiny frog, a swamp drake and 2
vampire mosquitoes.

Vanquished Creatures
  Kirke (D:12)
  Donald (Swamp:1)
  2 thorn hunters (Swamp:1)
  An orc warlord (Orc:1)
  A very ugly thing (Swamp:1)
  Josephine (D:11)
  Erolcha (D:11)
  6 hydras
  3 vault guards (D:15)
  2 ghost crabs (Swamp:2)
  5 centaur warriors
  4 two-headed ogres (D:15)
  4 alligators
  An ogre mage (D:15)
  A death knight (D:13)
  2 orc high priests
  6 death yaks (D:15)
  Urug (D:13)
  Sonja (D:12)
  5 spriggans
  5 swamp dragons
  An unseen horror (D:14)
  A shambling mangrove (Swamp:2)
  3 wizards (D:15)
  2 orc knights
  A phantasmal warrior (D:13)
  4 necromancers (D:15)
  2 hornets
  9 ugly things
  3 deep elf magi
  5 orc sorcerers (Orc:2)
  A wolf spider (D:15)
  2 cyclopes
  3 manticores
  A black mamba (D:15)
  2 naga magi (D:15)
  3 gargoyles
  6 spiny frogs
  2 freezing wraiths (D:13)
  3 yaktaurs (D:14)
  A komodo dragon (Swamp:3)
  An efreet (D:14)
  2 rime drakes
  12 trolls
  6 meliai
  A meliai (shapeshifter) (D:13)
  A tyrant leech (Swamp:1)
  8 blink frogs
  6 slime creatures
  A bog body (Swamp:2)
  Grinder (D:4)
  2 meliai zombies
  A shadow (D:13)
  7 wyverns
  5 wraiths
  A vampire (D:14)
  6 yaks
  4 hogs (D:12)
  18 humans (D:15)
  2 steam dragons (D:12)
  10 vampire mosquitoes
  3 angry ghosts
  10 wargs
  6 swamp worms
  A water moccasin (D:8)
  4 acid dragons
  10 ice beasts
  6 swamp drakes
  3 black bears
  30 orc warriors
  A phantom (D:10)
  12 wasps
  17 ogres
  3 boggarts (D:15)
  2 blink frog zombies
  20 centaurs
  A blink frog skeleton (D:13)
  3 rime drake skeletons
  A bullfrog (D:9)
  3 wyvern zombies
  3 wyvern skeletons
  9 killer bees
  A water moccasin skeleton (D:6)
  6 crimson imps
  9 wights
  A howler monkey (D:8)
  3 quasits
  2 wasp zombies (D:8)
  6 centaur zombies
  3 hounds
  8 jellies
  A gnoll shaman (D:8)
  10 orc priests
  5 centaur skeletons
  43 orc wizards
  3 worker ants
  4 iguanas
  A killer bee zombie (D:8)
  4 gnolls
  3 adders
  2 shadow imps
  4 oozes
  An adder zombie (D:5)
  A dart slug (D:1)
  96 orcs
  7 quokkas
  13 bats
  4 giant cockroaches
  19 goblins
  4 hobgoblins (D:2)
  8 jackals
  5 frilled lizards
  17 kobolds
  5 rats
  A fungus (D:14)
652 creatures vanquished.

Vanquished Creatures (others)
  Fannar (D:12)
  A spriggan druid (Swamp:2)
  A spriggan (Swamp:1)
  A human (D:12)
  A wasp (Swamp:1)
  An orc wizard (Orc:2)
6 creatures vanquished.

Grand Total: 658 creatures vanquished

Notes
Turn   | Place    | Note
-------+----------+-------------------------------------------
     0 | D:1      | Implojin the Hill Orc Fighter began the quest for the Orb.
     0 | D:1      | Reached XP level 1. HP: 19/19 MP: 1/1
    29 | D:1      | Reached skill level 3 in Axes
    95 | D:1      | Reached XP level 2. HP: 25/26 MP: 2/2
   326 | D:1      | Reached skill level 4 in Axes
   586 | D:1      | Reached XP level 3. HP: 31/31 MP: 3/3
   907 | D:2      | Found a hazy altar of Hepliaklqana.
  1110 | D:2      | Found a faded altar of an unknown god.
  1133 | D:2      | Reached skill level 5 in Axes
  1377 | D:2      | Reached XP level 4. HP: 20/39 MP: 4/4
  1669 | D:2      | Found a deep blue altar of Sif Muna.
  1669 | D:2      | Found a snail-covered altar of Cheibriados.
  1690 | D:2      | Found a white marble altar of Elyvilon.
  2061 | D:3      | Found a glowing golden altar of the Shining One.
  2119 | D:3      | Found a hide-covered altar of Uskayaw.
  2147 | D:3      | Became a worshipper of the Shining One
  2180 | D:3      | Reached skill level 6 in Axes
  2265 | D:4      | Found a shimmering altar of Xom.
  2362 | D:4      | Found an opulent altar of Gozag.
  2539 | D:4      | Noticed Grinder
  2539 | D:4      | Paralysed by Grinder for 7 turns
  2553 | D:4      | Paralysed by Grinder for 6 turns
  2559 | D:4      | Killed Grinder
  2559 | D:4      | Reached skill level 8 in Axes
  2559 | D:4      | Reached XP level 5. HP: 38/45 MP: 5/5
  2559 | D:4      | Reached XP level 6. HP: 43/51 MP: 6/6
  2727 | D:4      | Reached skill level 9 in Axes
  2914 | D:4      | Reached XP level 7. HP: 49/57 MP: 7/7
  3165 | D:4      | Found a burning altar of Makhleb.
  3254 | D:4      | Got the +1 flail of the Final Queens {speed, +Blink rPois Int-2}
  3268 | D:4      | Found a deep blue altar of Sif Muna.
  3300 | D:4      | Reached skill level 4 in Fighting
  3442 | D:4      | Reached skill level 10 in Axes
  3556 | D:5      | Entered Level 5 of the Dungeon
  3624 | D:5      | Reached skill level 5 in Fighting
  3688 | D:5      | Noticed an angry ghost
  3702 | D:5      | Killed an angry ghost
  3702 | D:5      | Reached skill level 6 in Fighting
  3702 | D:5      | Reached XP level 8. HP: 71/71 MP: 8/8
  3742 | D:5      | Found a stormy altar of Qazlal.
  3861 | D:5      | Reached skill level 7 in Fighting
  3892 | D:5      | Reached * piety under the Shining One
  4517 | D:6      | Found a sparkling altar of Nemelex Xobeh.
  4550 | D:6      | Reached skill level 8 in Fighting
  4567 | D:6      | Found an ancient bone altar of Kikubaaqudgha.
  4674 | D:6      | Found a sacrificial altar of Ru.
  4675 | D:6      | Noticed a gargoyle
  4684 | D:6      | Found an iron altar of Okawaru.
  4917 | D:6      | Reached skill level 9 in Fighting
  5267 | D:6      | Found a shadowy altar of Dithmenos.
  5312 | D:6      | Killed a gargoyle
  5312 | D:6      | Reached skill level 10 in Fighting
  5467 | D:6      | Reached XP level 9. HP: 72/86 MP: 9/9
  5911 | D:7      | Reached skill level 11 in Fighting
  5917 | D:7      | Reached ** piety under the Shining One
  6135 | D:7      | Found a basalt altar of Yredelemnul.
  6180 | D:7      | Found Zin's Purification Station.
  6180 | D:7      | Found a glowing silver altar of Zin.
  6199 | D:7      | Found a radiant altar of Vehumet.
  6619 | D:7      | Got the +10 hand axe of Classification {freeze, Fragile +Blink rPois rN++}
  6898 | D:7      | Found a bloodstained altar of Trog.
  6936 | D:8      | Found a sparkling altar of Nemelex Xobeh.
  7004 | D:8      | Reached skill level 12 in Fighting
  7018 | D:8      | Reached skill level 11 in Axes
  7151 | D:8      | Reached skill level 12 in Axes
  7179 | D:8      | Reached skill level 4 in Shields
  7179 | D:8      | Reached XP level 10. HP: 70/97 MP: 10/10
  7188 | D:8      | Reached skill level 5 in Shields
  7302 | D:8      | Reached *** piety under the Shining One
  7309 | D:8      | Reached skill level 6 in Shields
  7644 | D:9      | Reached skill level 7 in Shields
  7665 | D:9      | Reached skill level 8 in Shields
  8014 | D:9      | Reached skill level 9 in Shields
  8029 | D:9      | Reached skill level 10 in Shields
  8119 | D:9      | Reached skill level 4 in Armour
  8154 | D:9      | Reached XP level 11. HP: 104/104 MP: 11/11
  8156 | D:9      | Got the +3 long sword "Jisaull" {venom, rN++}
  8351 | D:10     | Entered Level 10 of the Dungeon
  8356 | D:10     | Reached skill level 5 in Armour
  8423 | D:10     | Found a viscous altar of Jiyva.
  8429 | D:10     | Reached skill level 6 in Armour
  8433 | D:10     | Reached **** piety under the Shining One
  8539 | D:10     | Reached skill level 7 in Armour
  8786 | D:11     | Noticed Erolcha
  8786 | D:11     | Noticed Josephine
  8798 | D:11     | Killed Erolcha
  8798 | D:11     | Reached skill level 8 in Armour
  8804 | D:11     | Killed Josephine
  8804 | D:11     | Reached skill level 9 in Armour
  8816 | D:11     | Noticed a cyclops
  8829 | D:11     | Killed a cyclops
  9209 | D:11     | Noticed a deep elf mage
  9225 | D:11     | Killed a deep elf mage
  9225 | D:11     | Reached skill level 10 in Armour
  9758 | D:11     | Noticed a seven-headed hydra
  9761 | D:11     | Killed a seven-headed hydra
  9761 | D:11     | Reached skill level 13 in Axes
  9801 | D:11     | Reached XP level 12. HP: 93/112 MP: 12/12
  9982 | D:12     | Noticed Kirke
  9998 | D:12     | Killed Kirke
  9998 | D:12     | Reached skill level 14 in Axes
 10065 | D:12     | Reached skill level 15 in Axes
 10203 | D:12     | Noticed Sonja
 10203 | D:12     | Reached ***** piety under the Shining One
 10228 | D:12     | HP: 28/112 [rime drake/flash freeze (10)]
 10648 | D:12     | Noticed an orc high priest
 10659 | D:12     | Killed an orc high priest
 10664 | D:12     | Reached skill level 13 in Fighting
 10857 | D:12     | Noticed Fannar
 10873 | D:12     | Killed Sonja
 10880 | D:12     | Killed Fannar
 10880 | D:12     | Reached skill level 14 in Fighting
 11871 | D:13     | Noticed a centaur warrior
 11886 | D:13     | Killed a centaur warrior
 11886 | D:13     | Reached skill level 15 in Fighting
 11927 | D:13     | Reached XP level 13. HP: 120/126 MP: 13/13
 12028 | D:13     | HP: 26/126 [death knight/+0 glaive (16)]
 12037 | D:13     | HP: 11/126 [phantasmal warrior[a death knight] (30)]
 12042 | D:13     | Reached skill level 11 in Shields
 12775 | D:13     | Noticed Urug
 12787 | D:13     | Killed Urug
 12787 | D:13     | Reached skill level 12 in Shields
 13418 | D:14     | Reached skill level 13 in Shields
 13755 | D:14     | Got the Handbook of Transformation and Execration
 13840 | D:14     | Reached skill level 14 in Shields
 14398 | D:15     | Entered Level 15 of the Dungeon
 14510 | D:15     | Found Teipuav's Changing Room.
 14519 | D:15     | Bought a potion of mutation for 88 gold pieces
 14519 | D:15     | Bought a potion of lignification for 33 gold pieces
 14519 | D:15     | Bought a potion of lignification for 33 gold pieces
 14774 | D:15     | Reached XP level 14. HP: 135/135 MP: 14/14
 14843 | D:15     | HP: 19/135 [freezing wraith[a boggart] (17)]
 14856 | D:15     | Reached skill level 15 in Shields
 15273 | D:15     | Reached ****** piety under the Shining One
 15283 | D:15     | Reached skill level 11 in Armour
 15284 | D:15     | HP: 26/135 [necromancer/bolt of cold (35)]
 15665 | D:15     | Found a staircase to the Orcish Mines.
 15745 | D:15     | Reached skill level 12 in Armour
 16109 | D:15     | Identified a +7 broad axe of holy wrath (a +5 broad axe blessed by the Shining One)
 16109 | D:15     | Received a gift from the Shining One
 16351 | D:15     | Reached skill level 13 in Armour
 16407 | D:15     | Found a gate to the Vaults.
 16705 | D:15     | Found a staircase to the Depths.
 16811 | D:15     | Reached skill level 14 in Armour
 16849 | Orc:1    | Entered Level 1 of the Orcish Mines
 16865 | Orc:1    | Reached skill level 1 in Invocations
 16876 | Orc:1    | Reached skill level 2 in Invocations
 17007 | Orc:1    | Found a flagged portal.
 17018 | Bailey   | Entered a bailey
 17114 | Bailey   | Reached skill level 3 in Invocations
 17131 | Bailey   | Found a bloodstained altar of Trog.
 17349 | Orc:1    | Reached skill level 4 in Invocations
 17375 | Orc:1    | Noticed an orc warlord
 17393 | Orc:1    | Killed an orc warlord
 17393 | Orc:1    | Reached skill level 5 in Invocations
 17534 | Orc:1    | Reached XP level 15. HP: 126/141 MP: 18/18
 17747 | Orc:2    | Entered Level 2 of the Orcish Mines
 17810 | Orc:2    | Reached skill level 6 in Invocations
 17878 | Orc:2    | Found Vyxi's Magic Scroll Emporium.
 17960 | Orc:2    | Found a runed door.
 17964 | Orc:2    | Found a viscous altar of Jiyva.
 18204 | Orc:2    | Paralysed by an orc sorcerer for 3 turns
 18209 | Orc:2    | Reached skill level 7 in Invocations
 18274 | Orc:2    | Found Loheyf's Assorted Antiques.
 18295 | Orc:2    | Found Kucluama's General Store.
 18298 | Orc:2    | Reached skill level 8 in Invocations
 18384 | Orc:2    | Found a staircase to the Swamp.
 18531 | Orc:2    | Found Tirih's Antique Weapon Shoppe.
 18554 | Orc:2    | Found Riurazxe's Magic Scroll Boutique.
 18565 | Orc:2    | Reached skill level 9 in Invocations
 18620 | Orc:2    | Found a staircase to the Slime Pits.
 18798 | Orc:2    | Bought a scroll of fear for 56 gold pieces
 18798 | Orc:2    | Bought a scroll of blinking for 120 gold pieces
 18798 | Orc:2    | Bought a scroll of teleportation for 48 gold pieces
 18798 | Orc:2    | Bought a scroll of teleportation for 48 gold pieces
 18798 | Orc:2    | Bought a scroll of immolation for 56 gold pieces
 18798 | Orc:2    | Bought a scroll of teleportation for 48 gold pieces
 18798 | Orc:2    | Bought a scroll of blinking for 120 gold pieces
 18798 | Orc:2    | Bought a scroll of teleportation for 48 gold pieces
 18831 | Orc:2    | Bought a scroll of teleportation for 87 gold pieces
 18831 | Orc:2    | Bought a scroll of enchant armour for 217 gold pieces
 18831 | Orc:2    | Bought a potion of haste for 290 gold pieces
 18831 | Orc:2    | Bought a potion of mutation for 232 gold pieces
 18856 | Orc:2    | Bought a scroll of blinking for 105 gold pieces
 18856 | Orc:2    | Bought a scroll of teleportation for 42 gold pieces
 18856 | Orc:2    | Bought a scroll of magic mapping for 49 gold pieces
 18856 | Orc:2    | Bought 2 scrolls of fear for 98 gold pieces
 18856 | Orc:2    | Bought a scroll of blinking for 105 gold pieces
 18856 | Orc:2    | Bought a scroll of blinking for 105 gold pieces
 18856 | Orc:2    | Bought a scroll of fog for 28 gold pieces
 18856 | Orc:2    | Bought a scroll of teleportation for 42 gold pieces
 18856 | Orc:2    | Bought a scroll of magic mapping for 49 gold pieces
 18885 | Orc:2    | Bought a potion of berserk rage for 70 gold pieces
 18885 | Orc:2    | Bought a potion of curing for 42 gold pieces
 18885 | Orc:2    | Bought a scroll of fog for 28 gold pieces
 18918 | Swamp:1  | Entered Level 1 of the Swamp
 18933 | Swamp:1  | Noticed a thorn hunter
 18936 | Swamp:1  | Noticed Donald
 18957 | Swamp:1  | Killed Donald
 18957 | Swamp:1  | Reached skill level 10 in Invocations
 18963 | Swamp:1  | Killed a thorn hunter
 19481 | Swamp:1  | Noticed a thorn hunter
 19499 | Swamp:1  | HP: 30/141 [tyrant leech (15)]
 19506 | Swamp:1  | HP: 27/141 [poisoned by spriggan rider (curare dart)]
 19539 | Swamp:1  | HP: 30/141 [six-headed hydra (6)]
 19539 | Swamp:1  | HP: 12/141 [six-headed hydra (9)]
 19558 | Swamp:1  | HP: 18/141 [swamp drake] (2)]
 19560 | Swamp:1  | Reached skill level 16 in Axes
 19575 | Swamp:1  | HP: 10/141 [tyrant leech (23)]
 20002 | Swamp:1  | Killed a thorn hunter
 20011 | Swamp:1  | HP: 25/141 [spriggan rider/+0 spear (16)]
 20012 | Swamp:1  | HP: 8/141 [spriggan rider/+0 spear (16)]
 21414 | Swamp:2  | Reached skill level 17 in Axes
 21417 | Swamp:2  | HP: 31/141 [shambling mangrove (9)]
 22283 | Swamp:2  | Reached skill level 16 in Fighting
 22801 | Swamp:3  | Entered Level 3 of the Swamp
 22808 | Swamp:3  | Reached XP level 16. HP: 151/151 MP: 23/23
 22860 | Swamp:3  | HP: 38/152 [spriggan rider/+0 spear (12)]
 22864 | Swamp:3  | HP: 17/152 [poisoned by spriggan rider (curare dart)]
 22865 | Swamp:3  | Killed from afar by a bog body

Skill      XL: |  1  2  3  4  5  6  7  8  9 10 11 12 13 14 15 |
---------------+----------------------------------------------+-----
Axes           | 3 4 5 8 9 10 12 13 15 17 | 17.0
Fighting       | 6 10 12 15 16 | 16.3
Shields        | 4 10 14 15 | 15.0
Armour         | 4 10 14 | 14.0
Invocations    | 5 10 | 10.3

Action                   |  1- 3 |  4- 6 |  7- 9 | 10-12 | 13-15 | 16-18 || total
-------------------------+-------+-------+-------+-------+-------+-------++-------
Melee: War axe           |   146 |    64 |   205 |       |       |       ||   415
       Hand axe          |       |       |    50 |   435 |   541 |       ||  1026
       Broad axe         |       |       |       |       |   596 |    16 ||   612
Throw: Javelin           |       |     4 |     6 |       |    15 |       ||    25
Invok: Brand Weapon With |       |       |       |       |     1 |       ||     1
Evoke: Wand              |       |     2 |       |       |     5 |       ||     7
       Phantom mirror    |       |       |       |     1 |       |       ||     1
  Use: Potion            |       |     1 |       |     2 |    10 |     1 ||    14
       Scroll            |       |       |     1 |     3 |    19 |     4 ||    27
Armor: Scale mail        |    29 |       |       |       |       |       ||    29
       Chain mail        |    67 |    34 |   125 |     7 |       |       ||   233
       Plate armour      |       |       |       |   212 |   498 |    13 ||   723
Dodge: Dodged            |    37 |    10 |    57 |    70 |   233 |     5 ||   412
Block: Shield            |   101 |    33 |   112 |   220 |   703 |    24 ||  1193
       Reflection        |       |       |       |       |     3 |     2 ||     5

Vault maps used:
D:1:      dpeg_arrival_subterranean_lakeside_camping
D:2:      marbit_many_paths, lemuel_coloured_pillars_altar,
          gammafunk_temple_overflow_statue, serial_corexii_hall,
          corexii_hall_statues_t, corexii_hall_statues_l,
          chequers_ecumenical_altar_island, minmay_misc_feat_columns,
          minmay_pentomino_v4
D:3:      lemuel_round_altar, nicolae_tso_carved_into_rock
D:4:      nicolae_gozag_cash_rules_everything_around_me, old_standard_altar,
          xom_butterflies, led_sif_pool, uniq_grinder
D:5:      grunt_qazlal_sundering
D:6:      nicolae_ru_awakened_eye, kiku_gazebo_pond_becter,
          kennysheep_mini_moat, nemelex_xobeh_ov_fountains_minmay,
          okawaru_gym_becter, kennysheep_big_empty_room, minmay_misc_feat_square
D:7:      lightli_temple_of_fire, zin_purify, lemuel_doored_altar,
          lemuel_crystal_altar
D:8:      minmay_four_partial_circles, basic_altar
D:9:      grunt_ministairs_7
D:10:     jiyva_altar_1
D:11:     uniq_erolcha, uniq_josephine
D:12:     uniq_sonja, uniq_fannar, uniq_kirke
D:13:     special_room, st_stairs_3, uniq_urug
D:14:     roderic_cross_of_infinity
D:15:     grunt_enter_depths_magical_seal, orc_0_dummy,
          grunt_vaults_entry_tiered, nicolae_transmutations_shop
Swamp:1:  infiniplex_staircase_pool, uniq_donald
Swamp:2:  evilmike_swamp_ruin_rubble_2
Swamp:3:  grunt_swamp_rune_castle, swamp_pool1
Orc:1:    enter_bailey_3, minmay_orc_barracks
Orc:2:    st_orc_town, minmay_swamp_entry_reptiles, slime_altar_2, serial_shops,
          shop
Bailey:   bailey_axe_3, bailey

Table legend:
 A = Turns spent in this place as a percentage of turns spent in the entire game.
 B = Non-inter-level travel turns spent in this place as a percentage of non-inter-level travel turns spent in the entire game.
 C = Inter-level travel turns spent in this place as a percentage of turns spent in this place.
 D = Turns resting spent in this place as a percentage of non-inter-level travel turns spent in this place.
 E = Turns spent auto-exploring this place as a percentage of non-inter-level travel turns spent in this place.
 F = Non-inter-level travel turns spent in this place divided by the number of levels of this place that you've seen.
                   A       B       C       D       E      F
               +-------+-------+-------+-------+-------+----------------------
         Total | 100.0 | 100.0 |   0.4 |   2.2 |   8.4 | 353.4
       Dungeon |  72.5 |  72.5 |   0.4 |   2.1 |   9.9 | 358.8
         Swamp |  14.4 |  14.4 |   0.2 |   4.5 |   3.4 | 357.3
  Orcish Mines |  10.6 |  10.5 |   0.8 |   0.0 |   5.9 | 390.5
        Bailey |   2.5 |   2.5 |   0.0 |   0.0 |   3.7 | 187.0
               +-------+-------+-------+-------+-------+----------------------

Table legend:
 A = Kills in this place as a percentage of kills in entire the game.
 B = Kills by you in this place as a percentage of kills by you in the entire game.
 C = Kills by friends in this place as a percentage of kills by friends in the entire game.
 D = Other kills in this place as a percentage of other kills in the entire game.
 E = Experience gained in this place as a percentage of experience gained in the entire game.
 F = Experience gained in this place divided by the number of levels of this place that you have seen.
                   A       B       C       D       E      F
               +-------+-------+-------+-------+-------+----------------------
         Total | 100.0 | 100.0 |  -nan | 100.0 | 100.0 | 6235.5
       Dungeon |  63.3 |  63.4 |  -nan |  33.3 |  62.4 | 5447.9
         Swamp |  11.3 |  11.2 |  -nan |  33.3 |  27.3 | 11927.7
  Orcish Mines |  22.9 |  22.9 |  -nan |  33.3 |   9.5 | 6229.5
        Bailey |   2.4 |   2.5 |  -nan |   0.0 |   0.8 | 984.0
               +-------+-------+-------+-------+-------+----------------------
